 Dungeon Crawl Stone Soup version 0.32-a0-20-ge526923d97 (webtiles) character file.

Game seed: 384566738297950988

480968 cforsyth the Skinwalker (level 24, 0/273 HPs)
             Began as an Oni Shapeshifter on Jan 17, 2024.
             Was the Champion of Qazlal.
             Killed from afar by a titan (34 damage)
             ... with a bolt of lightning
             ... on level 5 of the Vaults.
             The game lasted 01:42:16 (71147 turns).

cforsyth the Skinwalker (Oni Shapeshifter)         Turns: 71147, Time: 01:42:17

Health: 0/273      AC: 28    Str: 33    XL:     24   Next: 86%
Magic:  27/27      EV: 13    Int: 11    God:    Qazlal [******]
Gold:   2507       SH: 22    Dex: 19    Spells: 23/23 levels left

rFire   + .          .
                       - Unarmed
rCold   + + .        c - +2 kite shield {reflect}
rNeg    + + +        o - +0 gold dragon scales
rPois   ∞            R - +2 hat
rElec   .            a - +2 cloak
rCorr   .            (gloves unavailable)
SInv    .            (boots unavailable)
Will    ++++.        C - amulet of Xom's Flight of Fancy {RegenMP +Blink rPois Dex+5} Stlth
                     (no ring)
HPRegen 0.65/turn    T - ring "Noxkuleny" {Will+ Dex+6 Slay+3}
MPRegen 0.60/turn

%: repel missiles, reflection
@: death-form, protected from physical damage, studying 6 skills
A: vile attack, torment immunity, no potions, large, unfitting armour, horns 1,
tough skin 1, double potion healing, drunken brawling
}: 2/15 runes: decaying, gossamer
a: Siphon Essence, Begin Untransformation, Renounce Religion, Evoke Blink,
Upheaval, Elemental Force, Disaster Area


You were on level 5 of the Vaults.
You worshipped Qazlal.
Qazlal was exalted by your worship.
You were an undying horror.
You visited 9 branches of the dungeon, and saw 43 of its levels.
You also visited: Trove and Ice Cave.

You collected 6105 gold pieces.
You spent 3598 gold pieces at shops.

Inventory:

Hand Weapons
 A - the +7 falchion "Hell-Harrower" {heavy, +Blink rC+ Will++}
   (You found it on level 11 of the Dungeon)

   rC+:       It protects you from cold.
   Will++:    It greatly increases your willpower.
   +Blink:    It lets you blink.
Armour
 a - a +2 cloak (worn)
 c - a +2 kite shield of reflection (worn)
 d - the scarf "Beowak" {harm, rElec Dex+5}
   (You bought it in a shop on level 1 of the Elven Halls)

   Dex+5:     It affects your dexterity (+5).
   rElec:     It insulates you from electricity.
 o - +0 gold dragon scales (worn)
 F - a +2 robe of resistance
 R - a +2 hat (worn)
Jewellery
 g - a +4 ring of protection
 x - the ring "Rut Jyrgh" {rPois rC+ Str+3 Slay+3 SInv}
   (You bought it in a shop on level 2 of the Orcish Mines)

   [ring of see invisible]

   Str+3:     It affects your strength (+3).
   Slay+3:    It affects your accuracy & damage with ranged weapons and melee
   (+3).
   rC+:       It protects you from cold.
   rPois:     It protects you from poison SInv: It lets you see invisible.
 C - the amulet of Xom's Flight of Fancy (around neck) {RegenMP +Blink rPois Dex+5}
   (You found it on level 5 of the Dungeon)

   [amulet of magic regeneration]

   RegenMP:   It increases your rate of magic regeneration.
   Dex+5:     It affects your dexterity (+5).
   rPois:     It protects you from poison +Blink: It lets you blink.
 H - a ring of resist corrosion
 T - the ring "Noxkuleny" (right hand) {Will+ Dex+6 Slay+3}
   (You found it on level 2 of the Lair of Beasts)

   [ring of dexterity]

   Dex+6:     It affects your dexterity (+6).
   Slay+3:    It affects your accuracy & damage with ranged weapons and melee
   (+3).
   Will+:     It increases your willpower.
 W - a ring of protection from cold
Talismans
 i - a talisman of death (active)
 N - a dragon-blood talisman
Wands
 j - a wand of flame (133)
 l - a wand of iceblast (42)
 s - a wand of acid (14)
 u - a wand of charming (35)
 E - a wand of polymorph (12)
 K - a wand of mindburst (9)
Scrolls
 b - 7 scrolls of vulnerability
 e - 5 scrolls of silence
 f - 7 scrolls of blinking
 h - 13 scrolls of teleportation
 k - 3 scrolls of fear
 p - 15 scrolls of revelation
 w - 11 scrolls of enchant armour
 y - 10 scrolls of immolation
 I - 3 scrolls of brand weapon
 M - 3 scrolls of torment
 P - 8 scrolls of enchant weapon
 Q - 9 scrolls of fog
 V - 3 scrolls of butterflies
 X - 7 scrolls of poison
Potions
 m - 3 potions of berserk rage
 n - 3 potions of might
 q - 8 potions of brilliance
 t - 4 potions of resistance
 v - 10 potions of lignification
 z - 4 potions of invisibility
 B - 5 potions of cancellation
 D - 10 potions of curing
 G - 6 potions of heal wounds
 J - 5 potions of attraction
 L - 4 potions of mutation
 O - 9 potions of ambrosia
 S - 11 potions of enlightenment
 U - 3 potions of magic
 Y - a potion of haste
Miscellaneous
 Z - a phial of floods


   Skills:
 + Level 21.9 Fighting
 - Level 12.7 Armour
 + Level 18.7 Dodging
 + Level 8.5 Shields
 + Level 23.2 Unarmed Combat
 + Level 5.7 Invocations
 + Level 23.2 Shapeshifting


You had 23 spell levels left.
You didn't know any spells.
Your spell library contained the following spells:

 Spells                   Type           Power      Damage    Failure   Level
 Apportation              Tloc           0%         N/A       100%        1
 Freeze                   Ice            0%         1d3       100%        1
 Kiss of Death            Conj/Necr      0%         2d5       100%        1
 Magic Dart               Conj           0%         1d3       100%        1
 Necrotise                Necr           0%         1d4       100%        1
 Shock                    Conj/Air       0%         1d3       100%        1
 Sting                    Conj/Alch      0%         1d3       100%        1
 Summon Small Mammal      Summ           0%         N/A       100%        1
 Blink                    Tloc           0%         N/A       100%        2
 Call Imp                 Summ           0%         N/A       100%        2
 Ensorcelled Hibernation  Hex/Ice        0%         N/A       100%        2
 Jinxbite                 Hex            0%         N/A       100%        2
 Lesser Beckoning         Tloc           0%         N/A       100%        2
 Mercury Vapours          Alch/Air       0%         N/A       100%        2
 Momentum Strike          Conj/Tloc      0%         3d8       100%        2
 Scorch                   Fire           0%         2d5       100%        2
 Searing Ray              Conj           0%         2d4       100%        2
 Sublimation of Blood     Necr           0%         N/A       100%        2
 Call Canine Familiar     Summ           0%         N/A       100%        3
 Confusing Touch          Hex            0%         N/A       100%        3
 Dazzling Flash           Conj/Hex       0%         N/A       100%        3
 Frozen Ramparts          Ice            0%         1d1       100%        3
 Gell's Gravitas          Tloc           0%         N/A       100%        3
 Hailstorm                Conj/Ice       0%         3d5       100%        3
 Inner Flame              Hex/Fire       0%         N/A       100%        3
 Mephitic Cloud           Conj/Alch/Air  0%         N/A       100%        3
 Ozocubu's Armour         Ice            0%         N/A       100%        3
 Passwall                 Erth           0%         N/A       100%        3
 Sigil of Binding         Hex            0%         N/A       100%        3
 Stone Arrow              Conj/Erth      0%         3d7       100%        3
 Summon Ice Beast         Ice/Summ       0%         N/A       100%        3
 Swiftness                Air            0%         N/A       100%        3
 Teleport Other           Tloc           0%         N/A       100%        3
 Tukima's Dance           Hex            0%         N/A       100%        3
 Vampiric Draining        Necr           0%         2d6       100%        3
 Volatile Blastmotes      Fire/Tloc      0%         2d10      100%        3
 Airstrike                Air            0%         2d(0-16)  100%        4
 Animate Dead             Necr           0%         N/A       100%        4
 Dimensional Bullseye     Hex/Tloc       0%         N/A       100%        4
 Dispel Undead            Necr           0%         3d6       100%        4
 Flame Wave               Conj/Fire      0%         2d4       100%        4
 Fulminant Prism          Conj/Alch      0%         3d5       100%        4
 Iskenderun's Mystic Bla  Conj/Tloc      0%         2d3       100%        4
 Manifold Assault         Tloc           0%         N/A       100%        4
 Martyr's Knell           Necr/Summ      0%         N/A       100%        4
 Olgreb's Toxic Radiance  Alch           0%         N/A       100%        4
 Passage of Golubria      Tloc           0%         N/A       100%        4
 Summon Blazeheart Golem  Fire/Summ      0%         N/A       100%        4
 Vhi's Electric Charge    Tloc/Air       0%         N/A       100%        4
 Arcjolt                  Conj/Air       0%         1d10      100%        5
 Curse of Agony           Necr           0%         N/A       100%        5
 Fireball                 Conj/Fire      0%         3d3       100%        5
 Freezing Cloud           Conj/Ice/Air   0%         6-21      100%        5
 Irradiate                Conj/Alch      0%         3d11      100%        5
 Iskenderun's Battlesphe  Conj           0%         2d6       100%        5
 Metabolic Englaciation   Hex/Ice        0%         N/A       100%        5
 Silence                  Hex/Air        0%         N/A       100%        5
 Summon Forest            Summ/Tloc      0%         N/A       100%        5
 Summon Mana Viper        Hex/Summ       0%         N/A       100%        5
 Bombard                  Conj/Erth      0%         9d1       100%        6
 Death Channel            Necr           0%         N/A       100%        6
 Dispersal                Tloc           0%         N/A       100%        6
 Plasma Beam              Fire/Air       0%         2x1d10    100%        6
 Sculpt Simulacrum        Ice/Alch       0%         N/A       100%        6
 Summon Cactus Giant      Summ           0%         N/A       100%        6
 Haunt                    Necr/Summ      0%         N/A       100%        7
 Ozocubu's Refrigeration  Ice            0%         4d7       100%        7
 Spellforged Servitor     Conj/Summ      0%         N/A       100%        7
 Borgnjor's Revivificati  Necr           0%         N/A       100%        8
 Discord                  Hex            0%         N/A       100%        8
 Disjunction              Tloc           0%         N/A       100%        8
 Ignition                 Fire           0%         3d3       100%        8
 Lehudib's Crystal Spear  Conj/Erth      0%         10d2      100%        8
 Summon Horrible Things   Summ           0%         N/A       100%        8
 Death's Door             Necr           0%         N/A       100%        9


Dungeon Overview and Level Annotations

Branches:
Dungeon (15/15)            Temple (1/1) D:5            Lair (5/5) D:9
  Swamp (4/4) Lair:3       Spider (4/4) Lair:2        Slime (0/5) Lair:5
    Orc (2/2) D:12            Elf (3/3) Orc:2        Vaults (4/5) D:14
  Crypt (0/3) Vaults:3     Depths (4/4) D:15            Zot (0/5) Depths:4
  IceCv (visited)

Altars:
Ashenzari
Cheibriados
Dithmenos
Elyvilon
Fedhas
Gozag
Hepliaklqana
Kikubaaqudgha
Makhleb
Nemelex Xobeh
Okawaru
Qazlal
Ru
Sif Muna
Trog
Uskayaw
Vehumet
Wu Jian
Xom
Yredelemnul
Zin
The Shining One
Jiyva

Shops:
D:11 (   D:15 (   Orc:1 :   Orc:2 ::=*=[   Elf:1 [   Elf:2 :(?   Elf:3 *
Vaults:1 (   Vaults:2 !   Depths:1 ?   Depths:3 ?*

Portals:
Hell: Depths:1 Depths:2 Depths:3 Depths:4
Abyss: Depths:2 Depths:3 Depths:4
Pandemonium: Depths:1 Depths:2 Depths:3 Depths:4*
Ziggurat: Depths:2
Bazaar: Vaults:4

Annotations:
Vaults:1 1 exclusion


Innate Abilities, Weirdness & Mutations

You are an undying horror.
Your melee and unarmed attacks drain, slow and weaken victims.
You are immune to unholy pain and torment.
You cannot drink.
You are immune to poison.
You are too large for most types of armour.
You have a pair of small horns on your head.
You have tough skin. (AC +1)
You gain doubled healing and magic from potions.
Whenever you drink a healing potion, you attack all around you.


Message History

You hear a shout! x2; You hear an angry hiss.
You block the harpy's attack. x2
The harpy is engulfed in a thunderstorm.
You block the harpy's attack. The harpy barely misses you.
The white very ugly thing is engulfed in freezing vapours.
You pummel the purple very ugly thing like a punching bag!!!
The purple very ugly thing decays.
You drain the purple very ugly thing!!
You headbutt the purple very ugly thing.
You kill the purple very ugly thing!
Qazlal accepts your kill.
You hear a shout! x2
You block the harpy's attack. The harpy closely misses you.
The harpy is engulfed in a thunderstorm.
You block the harpy's attack. The harpy claws you!
* * * LOW HITPOINT WARNING * * *
You feel more protected from physical attacks.
You closely miss the harpy.
The harpy is almost dead.
You hear a deafening roar!
You hear a shout!
The harpy claws you but does no damage. You block the harpy's attack.
The white very ugly thing is engulfed in blazing flames.
A yaktaur comes into view. It is wielding a +0 hand axe.
You hit the harpy but do no damage. You drain the harpy.
You headbutt the harpy.
You kill the harpy!
Qazlal accepts your kill.
You hear a shout!
You beat the white very ugly thing into a bloody pulp!!!
You kill the white very ugly thing!
Qazlal accepts your kill.
The titan is engulfed in blazing flames.
You pulverise the titan!!!!
The titan decays.
You drain the titan!
The titan is almost dead.
A shadow dragon comes into view.
You punch the titan!
The titan decays.
The titan is almost dead.
You hear a deafening roar!
The titan gestures at you while chanting.
The bolt of lightning hits you!!
You die...

### ##.##
#†☼z#
##$C§u..#
##c...##
#...##
D....#
..#...#
.###...#
.# #...


You could see a shadow dragon, a titan (slow, weak, drained), a white very ugly
thing and a yaktaur.

Vanquished Creatures
  An ancient lich (Depths:2)
  A dread lich (Vaults:4)
  A juggernaut (Depths:3)
  Sojobo (Vaults:3)
  Bai Suzhen (Vaults:2)
  Saint Roka (D:14)
  4 golden dragons
  Norris (Vaults:3)
  A bone dragon (Depths:4)
  Arachne (Spider:2)
  3 tentacled monstrosities
  A walking crystal tome (Depths:4)
  Mlioglotl (Spider:2)
  3 titans
  Asterion (Vaults:1)
  A quicksilver dragon (Vaults:5)
  6 liches
  2 deep elf blademasters (Elf:3)
  2 deep elf master archers
  4 sphinxes
  Kirke (Lair:4)
  The ghost of LustLizard the Earth Mage, an adept GrEE of Hepliaklqana (Vaults:2)
  A walking divine tome (Depths:1)
  5 tengu reavers
  A thorn hunter (Swamp:4)
  A storm dragon (Vaults:5)
  Agnes (Spider:4)
  Aizul (Spider:4)
  5 shadow dragons
  3 fire giants
  An emperor scorpion (Spider:4)
  A balrug (Depths:1)
  7 deep elf elementalists
  8 frost giants
  3 deep elf sorcerers
  11 vault wardens
  An iron dragon (Depths:4)
  2 ghouls (Swamp:4)
  4 ghost moths
  3 draconian annihilators (Depths:4)
  A formless jellyfish (Vaults:4)
  An orc warlord (Vaults:4)
  30 ironbound preservers
  15 very ugly things
  7 stone giants
  8 broodmothers
  10 ironbound thunderhulks
  A green draconian (Depths:4)
  7 deep elf demonologists
  8 dire elephants
  8 eleionomae
  4 deep elf annihilators
  A hydra skeleton (Swamp:4)
  A war gargoyle (Vaults:4)
  A yellow draconian (Depths:4)
  5 deep elf death magi
  2 red draconians (Depths:4)
  6 spark wasps
  3 bunyips
  A white draconian (IceCv)
  The ghost of jfitz the Severer, a journeyman MiBe of Trog (D:12)
  The ghost of Azoth the Grappler, a journeyman NaSh of Yredelemnul (D:12)
  The ghost of Iceca the Martial Artist, a journeyman DsSh of Gozag (D:12)
  5 ettins
  A crystal guardian (Vaults:3)
  4 deep elf high priests
  10 entropy weavers
  The ghost of Nowup the Martial Artist, a journeyman GnSh of Wu Jian (Lair:2)
  2 blizzard demons (Depths:2)
  4 jiangshi
  9 fire dragons
  8 yaktaur captains
  The ghost of bmb222 the Martial Artist, a journeyman OpSh of Gozag (D:11)
  16 ice dragons
  7 great orbs of eyes
  11 hydras
  6 shambling mangroves
  3 peacekeepers
  3 rakshasas
  5 spriggan air magi
  A jorogumo (Spider:3)
  31 vault guards
  6 boulder beetles
  A death knight (D:13)
  5 ghost crabs
  3 radroaches
  Erica (D:9)
  11 centaur warriors
  7 alligators
  2 catoblepae
  14 two-headed ogres
  4 ogre magi (Orc:2)
  23 ironbound frosthearts
  29 dancing weapons
  2 deep troll earth magi
  An anaconda (shapeshifter) (Vaults:4)
  2 orc high priests
  3 spriggan berserkers
  3 tengu warriors
  A vampire mage (Depths:1)
  A death scarab (Spider:3)
  12 death yaks
  10 occultists
  12 demonic crawlers
  Nergalle (D:10)
  A sun demon (Depths:1)
  15 deep elf knights
  23 hell knights
  4 skysharks
  A titan skeleton (Depths:1)
  3 iron trolls
  A soul eater (Depths:1)
  The ghost of croobank the Reanimator, a novice GnNe (D:6)
  7 goliath frogs
  3 pharaoh ants
  6 skeletal warriors
  57 deep trolls
  4 large abominations (Depths:3)
  3 glowing orange brains
  9 orb spiders
  7 arcanists
  5 spriggan druids
  3 sun moths
  4 steelbarb worms
  5 bog bodies
  4 spectral hydras
  An obsidian statue (D:15)
  4 swamp dragons
  12 harpies
  8 lindwurms
  3 flayed ghosts
  16 ironbound convokers
  29 deep elf pyromancers
  5 phantasmal warriors
  27 wolf spiders
  Pikel (D:3)
  7 orc knights
  3 deep elf archers
  2 orange crystal statues
  6 orc sorcerers
  A death drake (shapeshifter) (D:15)
  14 deep elf zephyrmancers
  12 necromancers
  6 manticores
  6 oklob plants
  47 ugly things
  8 cyclopes
  4 will-o-the-wisps
  3 moths of wrath (Spider:4)
  5 black mambas
  2 kobold blastminers (Orc:1)
  9 elephants
  16 meliai
  2 ice statues (Depths:2)
  A meliai (shapeshifter) (Elf:3)
  3 naga magi (Vaults:1)
  A stone giant skeleton (Vaults:1)
  A rust devil (Depths:2)
  A frost giant skeleton (Depths:1)
  A guardian serpent (shapeshifter) (Vaults:4)
  A gargoyle (D:12)
  7 cane toads
  7 torpor snails
  18 vault sentinels
  3 unseen horrors
  A cane toad (shapeshifter) (D:14)
  A hellion (Depths:2)
  A rime drake (shapeshifter) (D:14)
  2 unseen horror zombies (D:9)
  An efreet (D:15)
  5 kobold demonologists
  A tormentor (Depths:1)
  10 freezing wraiths
  20 yaktaurs
  13 rime drakes
  6 komodo dragons
  6 trolls
  7 tengu conjurers
  4 hydra zombies
  11 polar bears
  4 tyrant leeches
  22 hornets
  22 tarantellas
  2 dream sheep (Lair:5)
  A spectral dream sheep (Lair:2)
  A glass eye (shapeshifter) (Depths:4)
  2 glass eyes
  18 culicivoras
  4 blink frogs (Lair:1)
  6 spriggans
  24 jumping spiders
  A centaur simulacrum (D:14)
  An air elemental (Elf:1)
  2 shadows
  An ettin skeleton (Depths:1)
  55 slime creatures
  3 water elementals
  2 wraiths (D:13)
  42 yaks
  2 vampires
  9 wyverns
  A human (D:14)
  4 basilisks
  5 hogs (Lair:4)
  4 wargs
  50 redbacks
  4 fire elementals
  19 vampire mosquitoes
  A steam dragon (D:10)
  A chaos spawn (Depths:3)
  16 swamp worms
  5 hydra simulacra
  4 acid dragons
  15 water moccasins
  2 glowing shapeshifter skeletons (Vaults:1)
  12 swamp drakes
  An ice beast (shapeshifter) (D:14)
  Duvessa (D:7)
  A meliai simulacrum (D:14)
  8 orc warriors
  6 laughing skulls
  7 black bears
  22 ogres
  A black mamba simulacrum (Lair:2)
  2 swamp dragon zombies (Swamp:4)
  7 wolves
  A human skeleton (Vaults:1)
  2 swamp dragon skeletons (Swamp:4)
  5 centaurs
  A lemure (D:3)
  A phantom (D:6)
  A gnoll sergeant (D:6)
  Blork the orc (D:4)
  3 kobold brigands
  22 bullfrogs
  4 earth elementals (Elf:1)
  8 small abominations (Depths:3)
  5 scorpions
  A glowing shapeshifter simulacrum (Depths:1)
  A wyvern zombie (D:9)
  2 cane toad simulacra (Lair:2)
  Dowan (D:7)
  9 killer bees
  A human simulacrum (Vaults:1)
  A howler monkey (D:5)
  4 electric eels
  3 centaur zombies (D:9)
  2 bombardier beetles
  A gnoll bouda (D:9)
  14 orc priests
  A hound (D:7)
  5 jellies
  6 iguanas
  Natasha (thrice) (D:3)
  4 orc wizards
  Terence (D:2)
  A killer bee zombie (D:9)
  9 gnolls
  2 howler monkey zombies (D:9)
  8 adders
  A swamp drake zombie (Swamp:4)
  3 white imps
  2 ufetubi (D:5)
  2 dart slugs
  2 ribbon worms
  32 orcs
  12 endoplasms
  A giant cockroach (D:3)
  10 goblins
  10 hobgoblins
  4 jackals (D:2)
  5 ball pythons
  7 bats
  2 frilled lizards
  20 kobolds
  3 rats
1734 creatures vanquished.

Vanquished Creatures (others)
  An ancient lich (Vaults:4)
  An occultist (Depths:2)
  A deep elf knight (Elf:2)
  A swamp dragon (Swamp:4)
  A fire giant zombie (Vaults:5)
  An orc wizard (D:6)
6 creatures vanquished.

Grand Total: 1740 creatures vanquished

Notes
Turn   | Place    | Note
-------+----------+-------------------------------------------
     0 | D:1      | cforsyth the Oni Shapeshifter began the quest for the Orb.
     0 | D:1      | Reached XP level 1. HP: 19/19 MP: 1/1
   159 | D:1      | Reached XP level 2. HP: 28/28 MP: 2/2
   603 | D:2      | Reached XP level 3. HP: 31/36 MP: 3/3
   831 | D:2      | Found a faded altar of an unknown god.
   992 | D:2      | Noticed Terence
  1005 | D:2      | Killed Terence
  1006 | D:2      | Reached XP level 4. HP: 24/45 MP: 4/4
  1616 | D:3      | Noticed Natasha
  1621 | D:3      | Killed Natasha
  1704 | D:3      | Found a sacrificial altar of Ru.
  1704 | D:3      | Noticed Natasha
  1709 | D:3      | Killed Natasha
  1710 | D:3      | Reached XP level 5. HP: 46/54 MP: 5/5
  2095 | D:3      | Noticed Natasha
  2100 | D:3      | Killed Natasha
  2532 | D:4      | Noticed Blork the orc
  2552 | D:4      | Killed Blork the orc
  2553 | D:4      | Reached XP level 6. HP: 20/63 MP: 6/6
  2751 | D:4      | Reached skill level 5 in Fighting
  2974 | D:4      | Noticed Pikel
  3539 | D:3      | Killed Pikel
  3540 | D:3      | Reached skill level 5 in Unarmed Combat
  3540 | D:3      | Reached skill level 5 in Shapeshifting
  3540 | D:3      | Reached XP level 7. HP: 40/76 MP: 7/7
  3847 | D:5      | Entered Level 5 of the Dungeon
  3851 | D:5      | Reached XP level 8. HP: 84/84 MP: 8/8
  4235 | D:5      | Found a staircase to the Ecumenical Temple.
  4304 | Temple   | Entered the Ecumenical Temple
  4314 | Temple   | Became a worshipper of Qazlal Stormbringer
  4605 | D:5      | Identified the amulet of Xom's Flight of Fancy {RegenMP
                  | +Blink rPois Dex+5}
  4961 | D:6      | Reached * piety under Qazlal
  5166 | D:6      | Found a runed translucent gate.
  5166 | D:6      | Found a runed translucent gate.
  5166 | D:6      | Found a runed translucent gate.
  5169 | D:6      | Noticed croobank's ghost (novice GnNe)
  5193 | D:6      | Found an ancient bone altar of Kikubaaqudgha.
  5193 | D:6      | Found a blossoming altar of Fedhas.
  5254 | D:6      | Found a burning altar of Makhleb.
  5258 | D:6      | Reached XP level 9. HP: 86/97 MP: 9/9
  5306 | D:6      | Got Pigocha's Anthology of Voltaic Evil Mysteries
  5543 | D:6      | Found a blossoming altar of Fedhas.
  5543 | D:6      | Found an ancient bone altar of Kikubaaqudgha.
  5543 | D:6      | Found a basalt altar of Yredelemnul.
  5543 | D:6      | Found a broken altar of Ashenzari.
  5543 | D:6      | Found a bloodstained altar of Trog.
  5543 | D:6      | Found a shadowy altar of Dithmenos.
  6159 | D:6      | Found an ancient bone altar of Kikubaaqudgha.
  6159 | D:6      | Found a blossoming altar of Fedhas.
  6174 | D:6      | Found a burning altar of Makhleb.
  7308 | D:6      | Found a blossoming altar of Fedhas.
  7308 | D:6      | Found an ancient bone altar of Kikubaaqudgha.
  7308 | D:6      | Found a basalt altar of Yredelemnul.
  7308 | D:6      | Found a broken altar of Ashenzari.
  7308 | D:6      | Found a bloodstained altar of Trog.
  7308 | D:6      | Found a shadowy altar of Dithmenos.
  7421 | D:7      | Noticed Dowan
  7421 | D:7      | Noticed Duvessa
  7460 | D:7      | Killed Dowan
  7818 | D:7      | Killed Duvessa
  7971 | D:7      | Reached skill level 10 in Fighting
  8259 | D:8      | Found an iron altar of Okawaru.
  8346 | D:8      | Found a snail-covered altar of Cheibriados.
  8672 | D:8      | Found a runed translucent gate.
  8672 | D:8      | Noticed a death yak
  8672 | D:8      | Noticed a polar bear
  8672 | D:8      | Noticed a death yak
  8673 | D:8      | Found a runed translucent gate.
  8673 | D:8      | Found a runed translucent gate.
  8673 | D:8      | Noticed a manticore
  8674 | D:8      | Noticed a polar bear
  8831 | D:9      | Reached XP level 10. HP: 100/111 MP: 10/10
  9204 | D:9      | Noticed Erica
  9213 | D:9      | Killed Erica
  9224 | D:9      | Reached ** piety under Qazlal
  9440 | D:9      | Found a staircase to the Lair.
 10724 | D:9      | Noticed a cyclops
 10731 | D:9      | Killed a cyclops
 10732 | D:9      | Reached XP level 11. HP: 107/124 MP: 11/11
 10881 | D:9      | Found a basalt altar of Yredelemnul.
 11360 | D:9      | Found a staircase to the Lair.
 11509 | D:9      | Found a basalt altar of Yredelemnul.
 11759 | D:10     | Entered Level 10 of the Dungeon
 11867 | D:10     | Noticed Nergalle
 11884 | D:10     | Killed Nergalle
 12227 | D:10     | Reached *** piety under Qazlal
 12427 | D:10     | Found a hazy altar of Hepliaklqana.
 12517 | D:10     | Found a portal to a secret trove of treasure.
 12789 | D:10     | Noticed a two-headed ogre
 12798 | D:10     | Killed a two-headed ogre
 12799 | D:10     | Reached skill level 10 in Shapeshifting
 13330 | D:11     | Noticed a manticore
 13344 | D:11     | Killed a manticore
 13345 | D:11     | Reached skill level 10 in Unarmed Combat
 13378 | D:11     | Noticed a manticore
 13388 | D:11     | Killed a manticore
 13494 | D:11     | Identified the +7 falchion "Hell-Harrower" {heavy, +Blink
                  | rC+ Will++}
 13504 | D:11     | Found a runed translucent gate.
 13504 | D:11     | Found a runed translucent gate.
 13504 | D:11     | Found a runed translucent gate.
 13504 | D:11     | Noticed bmb222's ghost (journeyman OpSh)
 13802 | D:11     | Noticed a sun demon
 13995 | D:11     | Noticed a cyclops
 14011 | D:11     | Killed a cyclops
 14104 | D:11     | Found Zuskiahi's Antique Weapon Shoppe.
 14253 | D:12     | Reached XP level 12. HP: 64/139 MP: 12/12
 15581 | D:12     | Found a runed translucent gate.
 15581 | D:12     | Found a runed translucent gate.
 15583 | D:12     | Found a runed translucent gate.
 15586 | D:12     | Noticed Azoth's ghost (journeyman NaSh)
 15586 | D:12     | Noticed jfitz's ghost (journeyman MiBe)
 15586 | D:12     | Noticed Iceca's ghost (journeyman DsSh)
 15618 | D:12     | Reached **** piety under Qazlal
 15619 | D:12     | Reached skill level 15 in Fighting
 15701 | D:12     | Found a staircase to the Orcish Mines.
 16745 | D:12     | Found a staircase to the Orcish Mines.
 17475 | D:6      | Killed croobank's ghost
 18172 | D:7      | Killed a death yak
 18288 | D:8      | Killed a death yak
 18505 | D:11     | Killed bmb222's ghost
 18506 | D:11     | Reached XP level 13. HP: 132/152 MP: 13/13
 18661 | Lair:1   | Entered Level 1 of the Lair of Beasts
 18901 | D:12     | Killed Azoth's ghost
 18903 | D:12     | Killed Iceca's ghost
 18909 | D:12     | Killed jfitz's ghost
 20117 | D:9      | Reached ***** piety under Qazlal
 20995 | Lair:1   | Reached XP level 14. HP: 144/167 MP: 14/14
 21690 | Lair:2   | Found a hole to the Spider Nest.
 21920 | Lair:2   | Found a runed translucent gate.
 21920 | Lair:2   | Found a runed translucent gate.
 21974 | Lair:2   | Found a runed translucent gate.
 21984 | Lair:2   | Noticed Nowup's ghost (journeyman GnSh)
 22003 | Lair:2   | Identified the ring "Noxkuleny" {Will+ Dex+6 Slay+3}
 22356 | Lair:2   | Killed Nowup's ghost
 22934 | Lair:3   | Found a staircase to the Swamp.
 22952 | Lair:3   | Reached skill level 1 in Armour
 23797 | Lair:4   | Noticed Kirke
 23817 | Lair:4   | Killed Kirke
 24746 | Lair:5   | Entered Level 5 of the Lair of Beasts
 24836 | Lair:5   | Reached skill level 5 in Dodging
 25059 | Lair:5   | Found a staircase to the Slime Pits.
 25257 | Lair:5   | Identified the +6 hand axe "Lepis" {heavy, Will+ Str+2
                  | Int+3}
 25407 | Lair:5   | Reached ****** piety under Qazlal
 25413 | Lair:5   | Noticed a dire elephant
 25422 | Lair:5   | Killed a dire elephant
 25443 | Lair:5   | Reached XP level 15. HP: 171/176 MP: 15/15
 25584 | Lair:5   | Found the +3 warlock's mirror {omnireflect}
 25589 | Lair:5   | Identified the +1 morningstar of Purpose {freeze, rC+
                  | Int+3}
 25794 | Lair:5   | Found a viscous altar of Jiyva.
 26474 | Orc:1    | Entered Level 1 of the Orcish Mines
 26535 | Orc:1    | Found Kuiria's Book Boutique.
 26989 | Orc:2    | Entered Level 2 of the Orcish Mines
 27694 | Orc:2    | Reached skill level 5 in Armour
 27938 | Orc:2    | Found Ovezxau's Book Boutique.
 28034 | Orc:2    | Found a staircase to the Elven Halls.
 28253 | Orc:2    | Found Zer Had's General Store.
 28253 | Orc:2    | Found Kiguytogh's Jewellery Shoppe.
 28254 | Orc:2    | Found Illoxze's Antique Armour Emporium.
 28254 | Orc:2    | Found Jaevoat's Jewellery Boutique.
 28261 | Orc:2    | Bought a potion of haste for 120 gold pieces
 28262 | Orc:2    | Bought the ring "Rut Jyrgh" {rPois rC+ Str+3 Slay+3 SInv}
                  | for 625 gold pieces
 28387 | Orc:2    | Found Pazi Iju's Vocational Training.
 28398 | Orc:2    | Bought a manual of Invocations for 960 gold pieces
 29193 | D:14     | Reached skill level 10 in Dodging
 29447 | D:14     | Reached skill level 15 in Shapeshifting
 29688 | D:14     | Reached skill level 15 in Unarmed Combat
 29715 | D:14     | Reached XP level 16. HP: 185/185 MP: 16/16
 30634 | D:14     | Found a gate to the Vaults.
 30749 | D:15     | Entered Level 15 of the Dungeon
 31479 | D:15     | Found Holor's Antique Weapon Shop.
 31740 | D:15     | Found a staircase to the Depths.
 32569 | Swamp:1  | Entered Level 1 of the Swamp
 34724 | Swamp:2  | Found a glacial archway.
 34826 | IceCv    | Entered an ice cave
 34842 | IceCv    | Reached XP level 17. HP: 180/195 MP: 17/17
 36551 | Swamp:2  | Got the Omnibus of Reanimation Made Easy
 37848 | Swamp:4  | Entered Level 4 of the Swamp
 37859 | Swamp:4  | Noticed a tentacled monstrosity
 37864 | Swamp:4  | Killed a tentacled monstrosity
 39023 | Swamp:4  | Reached XP level 18. HP: 204/204 MP: 18/18
 39651 | Swamp:4  | Found a blossoming altar of Fedhas.
 39864 | Swamp:4  | Found a basalt altar of Yredelemnul.
 40474 | Swamp:4  | Got a decaying rune of Zot
 40495 | Swamp:4  | Found a basalt altar of Yredelemnul.
 41159 | Spider:1 | Entered Level 1 of the Spider Nest
 42330 | Spider:1 | You are sucked into a shaft and drop 1 floor!
 42398 | Spider:2 | Noticed Mlioglotl
 42414 | Spider:2 | Killed Mlioglotl
 42448 | Spider:2 | Noticed Arachne
 42456 | Spider:2 | Killed Arachne
 43479 | Spider:1 | Identified the +0 leather armour of Instinct {Int+4 Dex+5}
 44276 | Spider:4 | Entered Level 4 of the Spider Nest
 44284 | Spider:4 | Noticed Agnes
 44301 | Spider:4 | Killed Agnes
 44383 | Spider:4 | Reached XP level 19. HP: 76/211 MP: 19/19
 44490 | Spider:4 | Identified the serpent talisman of the Sacrificial Victim
                  | {Will- Int+5}
 44490 | Spider:4 | Noticed Aizul
 44496 | Spider:4 | Killed Aizul
 46513 | Spider:4 | Got a gossamer rune of Zot
 47067 | Vaults:1 | Entered Level 1 of the Vaults
 47130 | Vaults:1 | Noticed Asterion
 47137 | Vaults:1 | Killed Asterion
 47334 | Vaults:1 | Noticed Saint Roka
 47760 | D:14     | Killed Saint Roka
 48065 | Vaults:1 | Reached XP level 20. HP: 222/222 MP: 20/20
 48231 | Vaults:1 | Found Usuafui's Weapon Shoppe.
 49027 | Vaults:1 | Identified the +1 robe "Fuann" {rElec}
 49044 | Vaults:1 | Found a radiant altar of Vehumet.
 49135 | Vaults:1 | Identified the +2 robe "Paehaov" {Rampage rF++}
 49524 | Vaults:2 | Found a large runed translucent door.
 49524 | Vaults:2 | Found a large runed translucent door.
 49526 | Vaults:2 | Noticed LustLizard's ghost (adept GrEE)
 50026 | Vaults:2 | Found Ovezxau's Distillery.
 50040 | Vaults:2 | Bought a potion of curing for 57 gold pieces
 50040 | Vaults:2 | Bought a potion of heal wounds for 95 gold pieces
 50040 | Vaults:2 | Bought a potion of curing for 57 gold pieces
 50100 | Vaults:2 | Noticed Bai Suzhen
 50111 | Vaults:2 | Killed Bai Suzhen
 50780 | Vaults:2 | Killed LustLizard's ghost
 51560 | Vaults:3 | Noticed Sojobo
 51567 | Vaults:3 | Killed Sojobo
 51568 | Vaults:3 | Reached XP level 21. HP: 230/230 MP: 21/21
 51569 | Vaults:3 | Noticed Norris
 51608 | Vaults:3 | Killed Norris
 52706 | Vaults:3 | Found a staircase to the Crypt.
 53276 | D:10     | You paid a toll of 5 scrolls of fear to enter a treasure
                  | trove
 53277 | Trove    | Entered a treasure trove
 53297 | Trove    | Got Sif Muna's Grimoire of the Vector
 53303 | Trove    | Got Sif Muna's Vellum of Mighty Space
 53698 | Vaults:4 | Paralysed by a formless jellyfish for 1 turns
 54770 | Vaults:4 | Reached XP level 22. HP: 241/241 MP: 22/22
 54987 | Vaults:4 | Found a gateway to a bazaar.
 55529 | Elf:1    | Entered Level 1 of the Elven Halls
 55558 | Elf:1    | Reached skill level 15 in Dodging
 55966 | Elf:1    | Found Peotodyu's Armour Emporium.
 56508 | Elf:1    | Got the Handbook of the Entourage
 56757 | Elf:2    | Found Uvip's Magic Scroll Shoppe.
 56757 | Elf:2    | Found a shimmering altar of Xom.
 56760 | Elf:2    | Bought a scroll of butterflies for 56 gold pieces
 56760 | Elf:2    | Bought a scroll of noise for 14 gold pieces
 56928 | Elf:2    | Found Zatoh's Antique Weapon Shop.
 56998 | Elf:2    | Found Rurrobbybb's One-of-a-Kind Books.
 57306 | Elf:2    | Found a runed translucent gate.
 57307 | Elf:2    | Found a runed translucent gate.
 57307 | Elf:2    | Found a runed translucent gate.
 57855 | Elf:3    | Entered Level 3 of the Elven Halls
 58326 | Elf:3    | Found Samuj's Assorted Antiques.
 58332 | Elf:3    | Reached skill level 10 in Armour
 58385 | Elf:3    | Bought a scroll of identify for 42 gold pieces
 58385 | Elf:3    | Bought a scroll of identify for 42 gold pieces
 58385 | Elf:3    | Bought a scroll of teleportation for 63 gold pieces
 58387 | Elf:3    | Identified a scroll of acquirement
 58855 | Elf:3    | Identified the +7 chain mail of Raamp {Rampage Will++
                  | Regen+ Int-2}
 58855 | Elf:3    | Identified the +3 plate armour of Qazlal's Wrath {rElec
                  | Str-5 Int+3}
 58857 | Elf:3    | Identified the +10 flail "Rogyeq" {freeze, rC+ Dex+2}
 58868 | Elf:3    | Identified the +4 spear of Joyful Slaughter {pain, *Corrode
                  | Int+5 SInv}
 60112 | Elf:3    | Got the Cyclopedia of Injurious Execration
 60118 | Elf:3    | Identified the +6 shortbow of Capital Punishment {flame,
                  | rCorr Str+3 Int+5}
 60134 | Elf:3    | Got the Teachings on Bodies
 60231 | Elf:3    | Got the Atlas of Chilblains and Hexing
 60508 | Depths:1 | Entered Level 1 of the Depths
 60538 | D:15     | Reached XP level 23. HP: 221/221 MP: 23/23
 61433 | Depths:1 | Found Tedous's Magic Scroll Shop.
 61442 | Depths:1 | Bought a scroll of teleportation for 66 gold pieces
 61448 | Depths:1 | Found a gateway to Hell.
 61937 | Depths:1 | Found a one-way gate leading to the halls of Pandemonium.
 62120 | Depths:1 | Found a stormy altar of Qazlal.
 62823 | Orc:2    | Bought a talisman of death for 960 gold pieces
 62829 | Orc:2    | Acquired a manual of Shields
 62831 | Orc:2    | Acquired 503 gold pieces
 62942 | Elf:1    | Bought the scarf "Beowak" {harm, rElec Dex+5} for 441 gold
                  | pieces
 64181 | Depths:2 | Found a one-way gateway to a ziggurat.
 64272 | Depths:2 | Reached skill level 1 in Shields
 64349 | Depths:2 | Found a one-way gate to the infinite horrors of the Abyss.
 64714 | Depths:2 | Noticed an ancient lich
 64721 | Depths:2 | Killed an ancient lich
 65127 | Depths:3 | Found Exzeelex's Magic Scroll Shop.
 65129 | Depths:3 | Found Ovalid's Distillery.
 65131 | Depths:3 | Found Liaxzif's General Store.
 65336 | Depths:3 | Identified the +7 great mace of Duetaez {drain, rN+}
 65408 | Depths:3 | Noticed a golden dragon
 65415 | Depths:3 | Killed a golden dragon
 65532 | Depths:3 | Noticed a juggernaut
 65538 | Depths:3 | Killed a juggernaut
 65612 | Depths:3 | Identified the +3 scale mail of Inaction {rC+ rCorr Str+3}
 65620 | Depths:3 | Identified the +2 orcbow of Severance {freeze, Str+3}
 65620 | Depths:3 | Identified the +2 trident of Twilight {venom, rN+ Str+2
                  | Int+2}
 65872 | Depths:4 | Entered Level 4 of the Depths
 66110 | Depths:4 | Noticed a golden dragon
 66116 | Depths:4 | Killed a golden dragon
 66135 | Depths:4 | Reached XP level 24. HP: 250/270 MP: 23/23
 66139 | Depths:4 | Reached skill level 5 in Shields
 66342 | Depths:4 | Found a gate to the Realm of Zot.
 67460 | Vaults:5 | Entered Level 5 of the Vaults
 68083 | Vaults:5 | Noticed a dread lich
 68278 | Vaults:5 | Reached skill level 1 in Invocations
 68302 | Vaults:4 | Killed a dread lich
 69299 | Vaults:5 | Noticed an ancient lich
 70441 | Vaults:4 | Found a gateway to a bazaar.
 70839 | Vaults:4 | Killed an ancient lich
 71101 | Vaults:5 | Reached skill level 5 in Invocations
 71147 | Vaults:5 | Killed from afar by a titan

Illustrated notes

Levels and vault maps discovered:
D:1:      dpeg_arrival_orchard, layout_basic
D:2:      layout_loops_cross, ebering_ecumenical_altar_abandoned,
          dk_noncrumbling_3, amcnicky_mini_corridor_feature, uniq_terence
D:3:      kennysheep_the_goblin_king, layout_basic,
          nicolae_ru_the_path_less_chosen, minmay_ruptured, uniq_natasha
D:4:      layout_basic, uniq_pikel, uniq_blork_the_orc
D:5:      layout_basic, temple_pool_b
D:6:      cheibrodos_fertilizer, layout_basic,
          grunt_temple_overflow_growth_and_decay, bloody_makhleb,
          ebering_ghost_rock_garden
D:7:      layout_rooms, uniq_duvessa
D:8:      lemuel_bear_cage, layout_cave_pools, mainiacjoe_overflow_alcove_1,
          slow_altar_1
D:9:      layout_loops_corners, nicolae_yredelemnul_corpse_copse,
          grunt_lair_entry_orc_guard_hut, lightli_minifort, uniq_erica
D:10:     layout_basic, nicolae_overflow_crystal_walls, trove_entry_hex_spiral,
          uniq_nergalle
D:11:     layout_rooms, serial_shops, shop, ebering_ghost_rock_garden,
          glass_columns_c
D:12:     layout_roguey, minmay_orc_entry_temple_small, gammafunk_ghost_cemetery
D:13:     layout_roguey
D:14:     layout_loops_ring, hellmonk_vaults_keyhole, skrybe_limestone_x,
          st_stairs_11
D:15:     gammafunk_enter_depths_forms, layout_basic, wad_floor_pattern_2,
          serial_shops, nicolae_shop_back_alley_shop, minmay_statue_bubble
Temple:   eino_narrow_crystal_temple
Lair:1:   layout_big_grid, grunt_megastairs_3
Lair:2:   layout_small_grid, nicolae_spider_entry_tight_spaces,
          gammafunk_ghost_necromancy, gammafunk_lair_bear_cave,
          infiniplex_staircase_pool_2, grunt_megastairs_5
Lair:3:   layout_small_grid, minmay_swamp_entry_reptiles
Lair:4:   layout_cave_pods, chequers_serial_rivers_small_b, st_stairs_8,
          serial_bayou_shore_a, grunt_megastairs_2, uniq_kirke
Lair:5:   hangedman_lair_in_review, layout_gridlike,
          minmay_slime_entry_oklob_open
Swamp:1:  layout_basic_swamp, hangedman_swamp_pad, swamp_pool_4,
          nicolae_swamp_tree_designs
Swamp:2:  layout_basic_swamp, portal_ice_cave_entry_horrid_things,
          evilmike_swamp_ruin_house_5, nicolae_swamp_necromancy_gone_wrong
Swamp:3:  layout_basic_swamp, evilmike_swamp_ruin_rubble_1, swamp_pool_1_2
Swamp:4:  byrel_swamp_growth_death_and_undeath, layout_basic_swamp,
          swamp_pool_5, nicolae_swamp_rocky_clearing, nicolae_swamp_tree_isthmus
Spider:1: layout_spider_delve, worms_lemuel
Spider:2: layout_spider_delve, uniq_mlioglotl, uniq_arachne
Spider:3: layout_spider_delve
Spider:4: hellmonk_spider_rune_endless_swarm,
          nicolae_spider_some_kinda_spiderbox, uniq_aizul, uniq_agnes
Orc:1:    layout_caves, serial_shops, nicolae_shop_just_a_little_nook
Orc:2:    st_orc_ogre_mass, layout_caves, serial_shops, shop,
          nicolae_shop_vocational
Elf:1:    elf_arrival_002, layout_rooms, minmay_elf_demonology,
          grunt_ministairs_10, minivault_16, nicolae_take_the_stairs,
          serial_library_regret_index_multi
Elf:2:    nicolae_elf_blades_crystal_corner, layout_loops_corners,
          serial_sigils, serial_sigils_hangedman_scar,
          serial_sigils_hangedman_scratch, serial_sigils_hangedman_confine,
          serial_shops, nicolae_shop_tiny_statue_garden, basic_altar,
          nicolae_stop_n_shop_2, nicolae_rare_books
Elf:3:    elf_hall, layout_onion_city, serial_shops, nicolae_shop_hallway_plus
Vaults:1: v_pattern_5, nicolae_vaults_turnstiles, vaults_room_door_ring,
          nicolae_vaults_mini_display_case, nicolae_vaults_hallways_thing,
          nicolae_vaults_little_squares_2, v_misc_9, v_rooms_6,
          hangedman_vaults_nails, ontoclasm_vaults_claustrophobia,
          nicolae_vaults_prndl, ontoclasm_vaults_pinch, nicolae_vaults_house_1,
          grunt_tower_of_power, vaults_room_door_ring,
          nicolae_vaults_double_plus_2, layout_vaults_omnibox, serial_shops,
          nicolae_shop_behind_doors, uniq_asterion, uniq_saint_roka
Vaults:2: ebering_ghost_disaster_area, dpeg_vaults_monster_row,
          nicolae_vaults_storage_closets_1, nicolae_vaults_network_square,
          nicolae_vaults_swerve, ontoclasm_vaults_ring_large,
          vaults_mumra_hexcomb, nicolae_vaults_sealed_display,
          nicolae_vaults_tetromino_L_2, nicolae_vaults_trapezoid_2,
          vaults_dpeg_encased_lava, vaults_room_pools, layout_vaults_omnicross,
          serial_shops, shop, uniq_bai_suzhen
Vaults:3: minmay_crypt_entry_simple_sparse, nicolae_vaults_wrenched,
          nicolae_vaults_meeting, v_misc_23, v_misc_31,
          nicolae_vaults_closet_pinwheel_4, vaults_room_door_hall,
          hangedman_vaults_maws, nicolae_vaults_sightless_eye,
          layout_vaults_omnigrid, uniq_sojobo, uniq_norris
Vaults:4: v_rooms_5, hangedman_vaults_impose, nicolae_vaults_security_offices_6,
          vaults_room_semicircle, nicolae_vaults_three_branches,
          nicolae_vaults_ninety_degrees, vaults_mumra_hex,
          nicolae_vaults_surprise_closet, layout_vaults_chaotic_city,
          serial_shops, statue_bzr
Vaults:5
Depths:1: layout_forbidden_donut, hell_entry, serial_shops, shop,
          nicolae_qazlal_scattered_showers, rand_demon_pan_entry_9,
          minivault_22, minmay_checkered_concentric_circles,
          kennysheep_random_hallway
Depths:2: cheibrodos_cascadia, layout_cave_pools, enter_ziggurat_c,
          rand_demon_pan_entry_7, hell_entry, minmay_misc_feat_alley,
          abyss_entry, infiniplex_staircase_zigzag_1
Depths:3: minmay_the_grid_triangle_9x9_recursive_2_mashed
          [minmay_the_grid_triangle_9x9_prize_top_heavy,
          minmay_the_grid_triangle_9x9_longest,
          minmay_the_grid_triangle_9x9_impossible_snake,
          minmay_the_grid_triangle_9x9_corrupted_corridor],
          layout_twisted_cross, minmay_room_of_horrors, hell_entry, pan_entry,
          infiniplex_staircase_spiral, minmay_shop_star
Depths:4: grunt_zot_entry_bicorn, layout_cave_shapes, abyss_entry,
          serial_column_ruins, column_ruins_pillar_2, column_ruins_pillar_9,
          column_ruins_pillar_1, column_ruins_pillar_7, column_ruins_pillar_4,
          column_ruins_pillar_1, column_ruins_pillar_2, column_ruins_pillar_3,
          column_ruins_pillar_1, column_ruins_pillar_3, column_ruins_pillar_2,
          column_ruins_pillar_2, column_ruins_pillar_2, column_ruins_pillar_12,
          column_ruins_pillar_3, column_ruins_pillar_1, column_ruins_pillar_6,
          column_ruins_portal_astroid, chequers_serial_rivers_micro_d,
          pan_entry, hell_entry

Skill      XL: |  1  2  3  4  5  6  7  8  9 10 11 12 13 14 15 16 17 18 19 20 21 22 23 24 |
---------------+-------------------------------------------------------------------------+-----
Fighting       | 2 3 4 6 8 10 12 14 16 17 18 20 21 | 21.9
Unarmed Combat | 3 4 5 6 7 9 10 11 12 13 15 16 17 18 19 21 22 23 | 23.2
Shapeshifting  | 4 5 6 7 9 10 11 13 14 15 16 17 18 19 21 22 23 | 23.2
Dodging        | 6 10 11 12 13 14 16 17 18 | 18.7
Armour         | 3 5 7 10 12 | 12.7
Shields        | 4 8 |  8.5
Invocations    | 5 |  5.7

Action                     |  1- 3 |  4- 6 |  7- 9 | 10-12 | 13-15 | 16-18 | 19-21 | 22-24 || total
---------------------------+-------+-------+-------+-------+-------+-------+-------+-------++-------
  Melee: Unarmed           |    77 |   138 |   212 |   541 |   728 |   725 |   655 |   969 ||  4045
         Headbutt          |    14 |    18 |    42 |   137 |       |       |       |   189 ||   400
         Punch             |     2 |     6 |    11 |    39 |       |    50 |    86 |    49 ||   243
         Constrict         |       |       |       |    11 |   161 |    56 |       |       ||   228
         Tailslap          |       |       |       |       |       |    87 |   121 |    60 ||   268
         Bite              |       |       |       |       |       |    60 |    79 |    35 ||   174
 Invoke: Disaster Area     |       |       |       |       |       |       |       |     1 ||     1
Ability: Breathe Fire      |       |       |       |       |       |     9 |    10 |     1 ||    20
  Evoke: Wand              |       |       |     3 |       |       |     4 |    12 |       ||    19
    Use: Potion            |       |     1 |       |     3 |       |    11 |     2 |       ||    17
         Scroll            |       |       |       |    10 |     6 |    11 |     6 |    11 ||    44
   Stab: Petrified         |       |       |       |       |     2 |       |       |       ||     2
 Armour: Animal skin       |    49 |   121 |   189 |   391 |       |       |       |       ||   750
         Skin              |       |     5 |       |    90 |   528 |   787 |   475 |   253 ||  2138
         Fire dragon scale |       |       |       |       |       |       |       |    64 ||    64
         Gold dragon scale |       |       |       |       |       |       |       |   324 ||   324
  Dodge: Dodged            |    34 |    86 |    94 |   226 |   349 |   468 |   373 |   366 ||  1996
         Repelled          |       |       |       |     2 |     8 |    21 |     9 |    16 ||    56
  Block: Other             |       |       |     5 |    78 |   176 |   192 |   175 |    78 ||   704
         Kite shield       |       |       |       |       |       |       |       |   483 ||   483
         Reflection        |       |       |       |       |       |       |       |    23 ||    23
   Form: Serpent           |       |       |       |     1 |       |       |       |       ||     1
         Dragon            |       |       |       |       |       |     1 |       |       ||     1
         Death             |       |       |       |       |       |       |       |     1 ||     1

Table legend: (Time is in decaauts)
 A = Elapsed time spent in this place.
 B = Non-inter-level travel time spent in this place.
 C = Inter-level travel time spent in this place.
 D = Time resting spent in this place.
 E = Time spent auto-exploring this place.
 F = Levels seen in this place.
 G = Mean time per level.
                   A        B        C        D        E       F      G
               +--------+--------+--------+--------+--------+-----+--------+
         Total |  70172 |  64487 |   5685 |  13740 |  41569 |  45 | 1559.4 |
       Dungeon |  26797 |  23795 |   3002 |   4443 |  16270 |  15 | 1786.5 |
        Temple |     18 |     10 |      8 |      0 |      0 |   1 |   18.0 |
          Lair |   7875 |   7263 |    612 |   1454 |   4984 |   5 | 1575.0 |
         Swamp |   5997 |   5841 |    156 |   1819 |   3164 |   4 | 1499.2 |
   Spider Nest |   4772 |   4615 |    157 |   1134 |   2680 |   4 | 1193.0 |
  Orcish Mines |   2472 |   2242 |    230 |    868 |   1096 |   2 | 1236.0 |
   Elven Halls |   4681 |   4362 |    319 |   1101 |   2505 |   3 | 1560.3 |
        Vaults |  11522 |  10518 |   1004 |   2407 |   6797 |   5 | 2304.4 |
        Depths |   4468 |   4275 |    193 |    214 |   3175 |   4 | 1117.0 |
         Trove |     82 |     82 |      0 |      0 |      0 |   1 |   82.0 |
      Ice Cave |   1484 |   1484 |      0 |    300 |    897 |   1 | 1484.0 |
               +--------+--------+--------+--------+--------+-----+--------+

Top non-repeatable levels by time:
Vaults:4: 5335 daAuts
     D:9: 3420 daAuts
    D:12: 2876 daAuts
     D:6: 2847 daAuts
    D:14: 2670 daAuts
    D:15: 2582 daAuts
  Lair:2: 2499 daAuts
 Swamp:4: 2498 daAuts
Vaults:3: 2367 daAuts
   Elf:2: 2161 daAuts
Vaults:1: 2039 daAuts
Spider:4: 2001 daAuts
    D:10: 1846 daAuts
     D:3: 1824 daAuts
  Lair:3: 1807 daAuts
